 Dungeon Crawl Stone Soup version 0.30.1-11-g7821555f0a (webtiles) character file.

Game seed: 14971181972246593771

35 Psyclone the Conjurer (level 3, 19/19 HPs)
             Began as a Deep Elf Conjurer on Nov 7, 2023.
             Quit the game on level 1 of the Dungeon.
             The game lasted 00:02:08 (1446 turns).

Psyclone the Conjurer (Deep Elf Conjurer)           Turns: 1446, Time: 00:02:09

Health: 19/19      AC:  2    Str:  4    XL:     3   Next: 17%
Magic:  10/10      EV: 12    Int: 24    God:
Gold:   20         SH:  0    Dex: 13    Spells: 6/9 levels left

rFire   . . .        g - +0 dagger
rCold   . . .        (no shield)
rNeg    . . .        a - +0 robe
rPois   .            (no helmet)
rElec   .            (no cloak)
rCorr   .            (no gloves)
SInv    .            (no boots)
Will    .....        (no amulet)
Stlth   ++           (no ring)
HPRegen 0.23/turn    (no ring)
MPRegen 0.12/turn

%: no passive effects
@: mighty, about to teleport
A: no striking features
a: no special abilities


You were on level 1 of the Dungeon.
You visited 1 branch of the dungeon, and saw 1 of its levels.

You collected 20 gold pieces.

Inventory:

Hand Weapons
 g - a +0 dagger (weapon)
Armour
 a - a +0 robe (worn)
Potions
 b - a potion of magic
 e - a potion of curing {unknown}


   Skills:
 - Level 2.4 Dodging
 - Level 2.4 Stealth
 + Level 3.7 Spellcasting
 * Level 5.2 Conjurations


You had 6 spell levels left.
You knew the following spells:

 Your Spells              Type           Power      Damage    Failure   Level
a - Magic Dart            Conj           100%       1d8       1%          1
b - Searing Ray           Conj           58%        2d6       1%          2

Your spell library contained the following spells:

 Spells                   Type           Power      Damage    Failure   Level
 Beastly Appendage        Tmut           8%         N/A       10%         1
 Dazzling Flash           Conj/Hex       34%        N/A       11%         3
 Sublimation of Blood     Necr           4%         N/A       16%         2
 Wereblood                Tmut           4%         N/A       16%         2
 Frozen Ramparts          Ice            8%         1d2       30%         3
 Spider Form              Tmut/Pois      4%         N/A       30%         3
 Fulminant Prism          Conj/Hex       8%         3d7       34%         4
 Iskenderun's Mystic Bla  Conj/Tloc      17%        2d5       34%         4
 Ice Form                 Ice/Tmut       4%         N/A       69%         4
 Summon Ice Beast         Ice/Summ       4%         N/A       69%         4
 Summon Hydra             Summ           2%         N/A       100%        7


Dungeon Overview and Level Annotations

Branches:
Dungeon (1/15) Zot: 4554

Altars:


Message History

There is an open door here.
There is an open door here.
You open the door.
There is an open door here.
A hobgoblin comes into view. It is wielding a +0 mace.
Casting: Magic Dart (safe; 1% risk of failure)
Confirm with . or Enter, or press ? or * to list all spells.
Aiming: Magic Dart (safe; 1% risk of failure)
Press: ? - help, Shift-Dir - straight line, f - hobgoblin
Aim: a hobgoblin, wielding a +0 mace (wandering, hasn't noticed you, 100% to hit)
The magic dart hits the hobgoblin.
You kill the hobgoblin!
You now have 9/10 mp.
Casting: Magic Dart (safe; 1% risk of failure)
Confirm with . or Enter, or press ? or * to list all spells.
You can't see any susceptible monsters within range! (Use Z to cast anyway.) Unknown command.
Casting: Magic Dart (safe; 1% risk of failure)
Confirm with . or Enter, or press ? or * to list all spells.
You can't see any susceptible monsters within range! (Use Z to cast anyway.) Unknown command.
c - 2 fuming yellow potions (gained 1)
You now have 20 gold pieces (gained 10).
You see here a +0 mace.
You see here a +0 mace.
Done exploring.
MP restored: 10 Done exploring.
Okay, then.
As you read the scroll labelled ARCHEA SAUDOZI, it crumbles to dust.
You feel strangely unstable.
It was a scroll of teleportation.
As you read the scroll labelled KUTEAKORHIM, it crumbles to dust.
You hear a loud clanging noise!
It was a scroll of noise.
It was a potion of might.
You feel very mighty all of a sudden.
You feel mightier all of a sudden.
Unknown command.
Unknown command.
Are you sure you want to abandon this character and quit the game? (Confirm with "yes".)

......................#.#
########...........####.#
..#......#######.#.####.#
..#..............#......#
..#..........############
..'......###...........#
..###################.##
.................# #.#
#####......#####@# #.#
.#..'..........#.# #.#
.#.##............# #.#
.#..........##...####.#
.....####...##...#....#
...##....##..#...#.###########
..#........#.................#
.#.#......#.#..###.#########.#
.#..#....#..#..#.....#### #.#


There were no monsters in sight!

Vanquished Creatures
  2 dart slugs (D:1)
  4 endoplasms (D:1)
  5 giant cockroaches (D:1)
  A hobgoblin (D:1)
  3 jackals (D:1)
  A quokka (D:1)
  2 ball pythons (D:1)
  4 bats (D:1)
  2 frilled lizards (D:1)
  2 goblins (D:1)
  3 rats (D:1)
29 creatures vanquished.

Notes
Turn   | Place    | Note
-------+----------+-------------------------------------------
     0 | D:1      | Psyclone the Deep Elf Conjurer began the quest for the Orb.
     0 | D:1      | Reached XP level 1. HP: 10/10 MP: 6/6
   219 | D:1      | Reached XP level 2. HP: 15/15 MP: 1/8
   523 | D:1      | Reached skill level 5 in Conjurations
   711 | D:1      | Learned a level 2 spell: Searing Ray
  1001 | D:1      | Reached XP level 3. HP: 19/19 MP: 7/10
  1446 | D:1      | Quit the game

Illustrated notes

Levels and vault maps discovered:
D:1:      beargit_arrival_greenhouse, layout_basic, minmay_misc_feat_columns,
          minmay_circled_x

Skill      XL: |  1  2 |
---------------+-------+-----
Conjurations   | 5 |  5.2
Dodging        | |  2.4
Stealth        | |  2.4
Spellcasting   | |  3.7

Action                     || total
---------------------------++-------
  Melee: Unarmed           ||     9
         Punch             ||     1
   Cast: Magic Dart        ||    55
    Use: Scroll            ||     2
         Potion            ||     2
 Armour: Robe              ||     5
  Dodge: Dodged            ||    13
